 Dungeon Crawl Stone Soup version 0.18-a0-1730-g73f0523 (webtiles) character file.

48 inmateoo the Ruffian (level 3, -1/17 HPs)
             Began as a Vine Stalker Arcane Marksman on Apr 10, 2016.
             Slain by an orc
             ... wielding a +0 flail
              (5 damage)
             ... on level 4 of the Dungeon.
             The game lasted 00:03:11 (1317 turns).

inmateoo the Ruffian (Vine Stalker Arcane Marksman) Turns: 1317, Time: 00:03:12

Health: -1/17      AC:  2    Str: 14    XL:     3   Next: 72%
Magic:  0/5        EV: 12    Int: 13    God:
Gold:   96         SH:  0    Dex: 13    Spells: 1 memorised, 3 levels left

rFire  . . .     SeeInvis .       - Unarmed
rCold  . . .     Gourm    .     a - +0 robe
rNeg   . . .     Faith    .     (no shield)
rPois  .         Spirit   +     (no helmet)
rElec  .         Dismiss  .     (no cloak)
rCorr  .         Reflect  .     (no gloves)
SustAt .         Harm     .     (no boots)
MR     .....                    (no amulet)
Stlth  +.........               (no ring)
                                (no ring)

@: not resistant to hostile enchantments, very unstealthy
A: fangs 2, regeneration 1, magic shield, antimagic bite, no device heal 3, rot
immunity
a: no special abilities


You were on level 4 of the Dungeon.
You were not hungry.

You visited 1 branch of the dungeon, and saw 4 of its levels.

You collected 96 gold pieces.

Inventory:

Missiles
 c - 5 javelins (quivered)
 d - 2 throwing nets
Armour
 a - a +0 robe (worn)
Scrolls
 g - a scroll of teleportation {unknown}
 i - a scroll of enchant armour {unknown}
 k - a scroll of noise {unknown}
 m - a scroll of fear {unknown}
 n - a scroll of recharging {unknown}
Potions
 e - a potion of degeneration {unknown}
 h - 3 potions of curing {unknown}
 l - a potion of haste {unknown}
Books
 b - a book of Debilitation

   Spells                             Type                      Level
   a - Corona                         Hexes                        1
   b - Slow                           Hexes                        2
   c - Gell's Gravitas                Hexes/Translocation          3
   d - Inner Flame                    Hexes/Fire                   3
   e - Cause Fear                     Hexes                        4
   f - Leda's Liquefaction            Hexes/Earth                  4
Comestibles
 f - 2 bread rations
 j - a meat ration
 o - 2 chunks of flesh


   Skills:
 - Level 0.8 Fighting
 - Level 1.7 Throwing
 - Level 1.5 Dodging
 * Level 3.2 Unarmed Combat
 - Level 1.1 Spellcasting
 - Level 3.0 Hexes


You had 3 spell levels left.
You knew the following spells:

 Your Spells              Type           Power        Failure   Level  Hunger
a - Corona                Hex            #......      10%         1    ##.....


Dungeon Overview and Level Annotations

Branches:
Dungeon (4/15)
 Temple: D:4-7

Altars:
Dithmenos
Nemelex Xobeh


Innate Abilities, Weirdness & Mutations

You have extremely sharp teeth.
Your natural rate of healing is unusually fast.
When hurt, damage is shared between your health and your magic reserves.
Your bite disrupts and absorbs the magic of your enemies.
Potions and wands cannot restore your health.
You are immune to rotting.


Message History

The hobgoblin shouts!
The orc shouts!
You hear a shout!
Found an escape hatch in the ceiling and an escape hatch in the floor.
There is a stone staircase leading up here.
Found a long sword.
A crimson imp comes into view.
The crimson imp sputters.
Found a ring mail.
An adder comes into view.
There is an escape hatch in the floor here.
The orc hits you with a flail.
You slide downwards.
The hatch slams shut behind you.
You closely miss the orc. You bite the orc, but do no damage.
You closely miss the orc. The orc hits you with a flail.
* * * LOW HITPOINT WARNING * * *
You are too injured to fight recklessly!
You are too injured to fight recklessly!
You hit the orc. You bite the orc, but do no damage.
The orc is lightly wounded.
The orc hits you with a flail.
You die...

#
######.###
..#.....#
#........
#@.......
#o.......
#........
#........
.........
##.......
.......
.......


You could see an orc.

Vanquished Creatures
  2 adders (D:2)
  4 bats
  4 giant cockroaches
  5 goblins
  3 hobgoblins
  2 jackals (D:2)
  4 kobolds
  A quokka (D:2)
  3 rats (D:1)
28 creatures vanquished.

Notes
Turn   | Place    | Note
--------------------------------------------------------------
     0 | D:1      | inmateoo the Vine Stalker Arcane Marksman began the quest for the Orb.
     0 | D:1      | Reached XP level 1. HP: 9/9 MP: 3/3
   225 | D:1      | Reached skill level 1 in Unarmed Combat
   315 | D:1      | Reached XP level 2. HP: 14/14 MP: 4/4
   846 | D:2      | Reached XP level 3. HP: 9/17 MP: 3/5
  1201 | D:2      | Found a sparkling altar of Nemelex Xobeh.
  1201 | D:2      | Found a shadowy altar of Dithmenos.
  1240 | D:2      | Found a faded altar to an unknown god.
  1317 | D:4      | Slain by an orc

Vault maps used:
D:1:      saegor_arrival_fortress
D:2:      gammafunk_temple_overflow_wave, nicolae_ru_the_path_less_chosen,
          ecumenical_altar_1, first_bread
D:4:      lemuel_round_altar, uniq_natasha

Skill      XL: |  1  2  3 |
---------------+----------+-----
Unarmed Combat | 1 2 3 |  3.2
Fighting       | |  0.8
Throwing       | |  1.7
Dodging        | |  1.5
Spellcasting   | |  1.1
Hexes          | |  3.0

Action                   || total
-------------------------++-------
Melee: Unarmed           ||   120
 Stab: Sleeping          ||     2
  Eat: Chunk             ||     1
